 Dungeon Crawl Stone Soup version 0.27-a0-1595-g0b823d0a13 (webtiles) character file.

Game seed: 12251563448246175494

340 Zonian the Conjurer (level 6, -2/29 HPs)
             Began as a Vine Stalker Conjurer on July 21, 2021.
             Succumbed to a kobold brigand's curare-tipped dart
             ... on level 3 of the Dungeon.
             The game lasted 00:05:16 (4510 turns).

Zonian the Conjurer (Vine Stalker Conjurer)         Turns: 4510, Time: 00:05:16

Health: -2/29      AC:  2    Str:  9    XL:     6   Next: 56%
Magic:  6/13       EV: 12    Int: 18    God:
Gold:   153        SH:  0    Dex: 15    Spells: 10/13 levels left

rFire    . . .     SeeInvis .   d - +1 dagger (freeze)
rCold    . . .     Faith    .   (no shield)
rNeg     . . .     Spirit   +   a - +0 robe
rPois    .         Reflect  .   (no helmet)
rElec    .         Harm     .   (no cloak)
rCorr    .         Rampage  .   (no gloves)
Will     .....                  (no boots)
Stlth    ++........             (no amulet)
HPRegen  1.09/turn              (no ring)
MPRegen  0.13/turn              (no ring)

@: lethally poisoned (-2 -> -13), about to teleport, slowed, very slow
A: fangs 2, regeneration 1, magic shield, antimagic bite, no potion heal 2
a: no special abilities


You were on level 3 of the Dungeon.
You visited 1 branch of the dungeon, and saw 3 of its levels.

You collected 153 gold pieces.

Inventory:

Hand Weapons
 d - a +1 dagger of freezing (weapon)
Armour
 a - a +0 robe (worn)
Magical Staves
 h - a staff of poison
Jewellery
 b - a ring of fire
Scrolls
 c - a scroll of teleportation
 g - a scroll of holy word
 i - a scroll of identify
Potions
 e - a potion of attraction
 f - a potion of heal wounds


   Skills:
 + Level 0.4 Fighting
 + Level 1.1 Short Blades
 + Level 1.8 Dodging
 + Level 3.6 Stealth
 + Level 0.1 Unarmed Combat
 + Level 4.4 Spellcasting
 + Level 5.7 Conjurations


You had 10 spell levels left.
You knew the following spells:

 Your Spells              Type           Power      Damage    Failure   Level
a - Magic Dart            Conj           96%        1d7       1%          1
b - Searing Ray           Conj           48%        3d5       1%          2

Your spell library contained the following spells:

 Spells                   Type           Power      Damage    Failure   Level
 Dazzling Flash           Conj/Hex       28%        N/A       13%         3
 Frozen Ramparts          Ice            6%         1d2       38%         3
 Fulminant Prism          Conj/Hex       7%         3d7       41%         4
 Iskenderun's Mystic Bla  Conj/Tloc      14%        2d5       41%         4
 Summon Ice Beast         Ice/Summ       3%         N/A       80%         4
 Freezing Cloud           Conj/Ice/Air   5%         6-21      87%         5
 Ozocubu's Refrigeration  Ice            1%         4d5       100%        7


Dungeon Overview and Level Annotations

Branches:
Dungeon (3/15)

Altars:

Shops:
D:1 :

Annotations:
D:2 1 runed translucent door, Crazy Yiuf


Innate Abilities, Weirdness & Mutations

You have extremely sharp teeth.
Your natural rate of healing is unusually fast.
When hurt, damage is shared between your health and your magic reserves.
Your bite disrupts and absorbs the magic of your enemies.
Potions cannot restore your health.


Message History

The searing ray hits the scorpion.
You kill the scorpion!
Unknown command.
You see here a scorpion corpse.
A hobgoblin comes into view.
You see here a scroll of identify.
Unknown command.
i - a scroll of identify Unknown command.
The magic dart hits the hobgoblin.
You kill the hobgoblin!
You can't see any susceptible monsters within range! (Use Z to cast anyway.)
You can't see any susceptible monsters within range! (Use Z to cast anyway.)
You can't see any susceptible monsters within range! (Use Z to cast anyway.) Unknown command.
Found a hand axe.
A kobold brigand comes into view.
It is wielding a +0 short sword and quivering curare-tipped darts.
A kobold brigand is nearby!
Unknown command.
The magic dart hits the kobold brigand but does no damage.
The kobold brigand shouts!
The kobold brigand throws a curare-tipped dart.
The curare-tipped dart hits you.
You are poisoned.
You have difficulty breathing.
You feel yourself slow down.
The magic dart hits the kobold brigand but does no damage.
You feel extremely sick.
The kobold brigand throws a curare-tipped dart.
The curare-tipped dart hits you.
You are lethally poisoned!
You have difficulty breathing.
You feel as though you will be slow longer.
The kobold brigand throws a curare-tipped dart.
The curare-tipped dart closely misses you.
You cannot be healed by potions.
As you read the scroll of teleportation, it crumbles to dust.
You feel strangely unstable.
* * * LOW HITPOINT WARNING * * *
You feel extremely sick.
You die...

#############
###...........#
#.......@.###.#
#....)###.###.##
.....
.##.##...######
.K..
.......#......#
...
.####....####.#
#. #.#.## #
#.#.# #.#.#
#.#.#


You could see a kobold brigand.

Vanquished Creatures
  Sigmund (D:2)
  A scorpion (D:3)
  3 adders (D:2)
  A worm (D:3)
  5 dart slugs
  7 ball pythons
  7 endoplasms
  2 giant cockroaches (D:2)
  8 goblins
  7 hobgoblins
  11 jackals
  2 quokkas
  2 bats (D:1)
  2 frilled lizards
  5 kobolds
  7 rats
71 creatures vanquished.

Notes
Turn   | Place    | Note
-------+----------+-------------------------------------------
     0 | D:1      | Zonian the Vine Stalker Conjurer began the quest for the
                  | Orb.
     0 | D:1      | Reached XP level 1. HP: 9/9 MP: 4/4
   167 | D:1      | Reached XP level 2. HP: 11/13 MP: 1/6
   218 | D:1      | Learned a level 2 spell: Searing Ray
  1396 | D:1      | Found Revocs's Book Boutique.
  1467 | D:1      | Reached XP level 3. HP: 16/16 MP: 5/7
  2744 | D:2      | Noticed Sigmund
  2752 | D:2      | Killed Sigmund
  2753 | D:2      | Reached skill level 5 in Conjurations
  2753 | D:2      | Gained mutation: Your natural rate of healing is unusually
                  | fast. [Vine Stalker growth]
  2753 | D:2      | Reached XP level 4. HP: 9/21 MP: 0/10
  2753 | D:2      | Reached XP level 5. HP: 10/24 MP: 0/11
  2848 | D:2      | Reached XP level 6. HP: 28/28 MP: 6/12
  3231 | D:2      | Found a faded altar of an unknown god.
  3288 | D:2      | Got the Incunabulum of Ice
  3643 | D:2      | Found a runed translucent door.
  3644 | D:2      | Noticed Crazy Yiuf
  3959 | D:2      | Reached skill level 1 in Short Blades
  4510 | D:3      | Succumbed to a kobold brigand's curare-tipped dart

Illustrated notes

Levels and vault maps discovered:
D:1:      wheals_arrival_linesprint, layout_basic, serial_shops,
          nicolae_shop_trees, minmay_misc_feat_enclosed, minmay_close_crescents
D:2:      minmay_general_purpose_star, layout_rooms,
          dreamdust_ecumenical_altar_angels_and_demons, uniq_crazy_yiuf_cottage,
          uniq_sigmund
D:3:      layout_loops_ring

Skill      XL: |  1  2  3  4  5  6 |
---------------+-------------------+-----
Stealth        | 3 |  3.6
Spellcasting   | 3 4 |  4.4
Conjurations   | 5 |  5.7
Short Blades   | 1 |  1.1
Fighting       | |  0.4
Dodging        | |  1.8
Unarmed Combat | |  0.1

Action                   |  1- 3 |  4- 6 || total
-------------------------+-------+-------++-------
Melee: Unarmed           |     2 |       ||     2
       Dagger            |    13 |    39 ||    52
       Bite              |     1 |     4 ||     5
 Cast: Magic Dart        |    52 |    69 ||   121
       Searing Ray       |     2 |     1 ||     3
  Use: Scroll            |     2 |     8 ||    10
       Potion            |     1 |       ||     1
Armor: Robe              |     4 |     9 ||    13
Dodge: Dodged            |    18 |    44 ||    62

Table legend: (Time is in decaauts)
 A = Elapsed time spent in this place.
 B = Non-inter-level travel time spent in this place.
 C = Inter-level travel time spent in this place.
 D = Time resting spent in this place.
 E = Time spent auto-exploring this place.
 F = Levels seen in this place.
 G = Mean time per level.
                   A        B        C        D        E       F      G
               +--------+--------+--------+--------+--------+-----+--------+
         Total |   4508 |   4401 |    107 |   1495 |   2439 |   3 | 1502.7 |
       Dungeon |   4508 |   4401 |    107 |   1495 |   2439 |   3 | 1502.7 |
               +--------+--------+--------+--------+--------+-----+--------+

Top non-repeatable levels by time:
     D:1: 2612 daAuts
     D:2: 1499 daAuts
     D:3: 396 daAuts
